 Dungeon Crawl Stone Soup version 0.30-a0-352-g1e81539c98 (webtiles) character file.

Game seed: 15015553028983735744

51 Bnni the Chiller (level 3, 0/23 HPs)
             Began as an Octopode Ice Elementalist on Nov 7, 2022.
             Was an Initiate of Gozag.
             Slain by Grinder (4 damage)
             ... while paralysed by Grinder
             ... on level 3 of the Dungeon.
             The game lasted 00:04:25 (1791 turns).

Bnni the Chiller (Octopode Ice Elementalist)        Turns: 1791, Time: 00:04:26

Health: 0/23       AC:  1    Str:  4 (7)  XL:     3   Next: 83%
Magic:  3/6        EV:  2    Int: 17 (19) God:    Gozag
Gold:   90         SH:  0    Dex: 11 (12) Spells: 2/6 levels left

rFire   . . .      SeeInvis .    m - +0 sling
rCold   . . .      Faith    .    (no shield)
rNeg    . . .      Spirit   .    (helmet restricted)
rPois   +          Reflect  .    (no amulet)
rElec   .          Harm     .    i - ring of poison resistance
rCorr   .          Rampage  .    (no ring)
Will    .....                    (no ring)
Stlth   +++.......               (no ring)
HPRegen 0.23/turn                (no ring)
MPRegen 0.10/turn                (no ring)
                                 (no ring)
                                 (no ring)

@: paralysed
A: almost no armour, amphibious, 8 rings, camouflage 1, gelatinous body 1,
(nimble swimmer 1), tentacles
a: Renounce Religion, Potion Petition, Call Merchant, Bribe Branch


You were on level 3 of the Dungeon.
You worshipped Gozag.
Gozag was noncommittal.
You visited 1 branch of the dungeon, and saw 3 of its levels.

You collected 130 gold pieces.
You paid 40 gold pieces to Gozag.

Inventory:

Hand Weapons
 m - a +0 sling (weapon)
 n - a +0 short sword of electrocution
Armour
 d - a +0 kite shield
Jewellery
 i - a ring of poison resistance (left tentacle)
Scrolls
 b - a scroll of magic mapping {unknown}
 c - a scroll of poison {unknown}
 f - 3 scrolls of fear {unknown}
 g - a scroll of brand weapon {unknown}
 h - 2 scrolls of identify {unknown}
 k - a scroll of torment {unknown}
Potions
 a - a potion of magic
 e - a potion of resistance {unknown}
 l - a potion of degeneration


   Skills:
 + Level 1.4 Fighting
 - Level 2.0 Dodging
 - Level 2.6 Stealth
 + Level 2.4 Spellcasting
 * Level 4.7 Ice Magic


You had 2 spell levels left.
You knew the following spells:

 Your Spells              Type           Power      Damage    Failure   Level
a - Freeze                Ice            72%        1d8       2%          1
c - Frozen Ramparts       Ice            36%        1d6       8%          3

Your spell library contained the following spells:

 Spells                   Type           Power      Damage    Failure   Level
 Beastly Appendage        Tmut           4%         N/A       19%         1
 Wereblood                Tmut           2%         N/A       28%         2
 Ozocubu's Armour         Ice            18%        N/A       8%          3
 Spider Form              Tmut/Pois      2%         N/A       50%         3
 Summon Ice Beast         Ice/Summ       10%        N/A       56%         4


Dungeon Overview and Level Annotations

Branches:
Dungeon (3/15)

Altars:
Gozag

Annotations:
D:3 Grinder


Innate Abilities, Weirdness & Mutations

You cannot wear most types of armour.
You are amphibious.
You can wear up to eight rings at the same time.
Your skin changes colour to match your surroundings (Stealth+).
Your rubbery body absorbs attacks. (AC +1, EV +1)
((You are camouflaged when in or above water. (Stealth+)))
You have tentacles for arms and can constrict up to eight enemies at once.


Message History

Grinder resists.
The wall freezes Grinder.
Okay, then.
Okay, then.
You shoot a sling bullet. The sling bullet barely misses Grinder.
Grinder completely resists.
The wall freezes Grinder but does no damage.
Grinder gestures at you. Pain shoots through your body!
You are too injured to fight recklessly!
Fire: m) +0 sling
Press: ? - help, Shift-Dir - straight line, f/p - Grinder
Aim: Grinder (lightly wounded, 47% to hit)
You shoot a sling bullet.
The sling bullet closely misses Grinder.
Grinder resists.
The wall freezes Grinder.
Grinder gestures at you. Pain shoots through your body!
* * * LOW HITPOINT WARNING * * *
Grinder completely resists.
The wall freezes Grinder but does no damage.
It was a potion of degeneration.
There was something very wrong with that liquid.
You feel weakened.
You feel dopey.
You feel clumsy.
Grinder completely resists.
The wall freezes Grinder but does no damage.
Grinder barely misses you.
It was a potion of curing.
You feel better.
Grinder resists.
The wall freezes Grinder.
Grinder gestures at you.
You suddenly lose the ability to move!
Grinder completely resists.
The wall freezes Grinder but does no damage.
Grinder hits you.
* * * LOW HITPOINT WARNING * * *
You writhe in agony.
* * * LOW HITPOINT WARNING * * *
The frozen ramparts melt away.
Grinder completely misses you. Grinder hits you.
You die...
Your body crumbles into a pile of gold.

##..............###
#
#####............##
# #.≈≈≈≈≈§≈≈≈... .
#.≈.......≈.# .
#$≈.#.###.§.### #
#.§.#...#.≈.#.. .
#.≈.#._.#.≈...# .
#.≈5#...#.≈$...
#.≈@###.#.≈.##.
#.≈..§§§..≈.# #
#.§≈§.≈≈§§≈$# ##
#.....§.....## .###.
####................
#...######...###.
##.........#.....
#........# ##..
###........####...


You could see Grinder.

Vanquished Creatures
  2 worms (D:2)
  4 ball pythons
  3 bats
  6 endoplasms
  2 giant cockroaches
  6 goblins
  A hobgoblin (D:2)
  7 kobolds
  A quokka (D:2)
  3 frilled lizards
  8 rats
43 creatures vanquished.

Notes
Turn   | Place    | Note
-------+----------+-------------------------------------------
     0 | D:1      | Bnni the Octopode Ice Elementalist began the quest for the
                  | Orb.
     0 | D:1      | Reached XP level 1. HP: 11/11 MP: 3/3
   264 | D:1      | Reached XP level 2. HP: 15/18 MP: 5/5
   870 | D:2      | Reached skill level 1 in Fighting
   870 | D:2      | Reached XP level 3. HP: 20/23 MP: 4/6
  1107 | D:2      | Learned a level 3 spell: Frozen Ramparts
  1564 | D:3      | Noticed Grinder
  1726 | D:3      | Found an opulent altar of Gozag.
  1734 | D:3      | Became a worshipper of Gozag Ym Sagoz the Greedy
  1761 | D:3      | Paralysed by Grinder for 4 turns
  1771 | D:3      | Paralysed by Grinder for 2 turns
  1786 | D:3      | HP: 1/23 [Grinder/nerve-wracking pain (8)]
  1788 | D:3      | Paralysed by Grinder for 5 turns
  1791 | D:3      | Slain by Grinder

Illustrated notes

Levels and vault maps discovered:
D:1:      onia_arrival_handbag, layout_basic, minmay_parallelograms,
          minmay_misc_feat_cross, minmay_distorted
D:2:      layout_basic
D:3:      layout_rooms, mainiacjoe_overflow_brackets, basic_ecumenical_altar,
          uniq_grinder

Skill      XL: |  1  2 |
---------------+-------+-----
Fighting       | 1 |  1.4
Dodging        | |  2.0
Stealth        | |  2.6
Spellcasting   | |  2.4
Ice Magic      | |  4.7

Action                   || total
-------------------------++-------
Melee: Unarmed           ||    14
       Constrict         ||    16
       Short sword       ||    10
       Tentacles         ||    11
       Morningstar       ||    48
 Fire: Sling             ||    29
 Cast: Freeze            ||     7
       Frozen Ramparts   ||     1
  Use: Potion            ||     2
 Stab: Sleeping          ||    14
Armor: Skin              ||     4
Dodge: Dodged            ||    44

Table legend: (Time is in decaauts)
 A = Elapsed time spent in this place.
 B = Non-inter-level travel time spent in this place.
 C = Inter-level travel time spent in this place.
 D = Time resting spent in this place.
 E = Time spent auto-exploring this place.
 F = Levels seen in this place.
 G = Mean time per level.
                   A        B        C        D        E       F      G
               +--------+--------+--------+--------+--------+-----+--------+
         Total |   1824 |   1697 |    127 |     26 |   1245 |   3 |  608.0 |
       Dungeon |   1824 |   1697 |    127 |     26 |   1245 |   3 |  608.0 |
               +--------+--------+--------+--------+--------+-----+--------+

Top non-repeatable levels by time:
     D:1: 832 daAuts
     D:2: 801 daAuts
     D:3: 190 daAuts
